 Dungeon Crawl Stone Soup version 0.26.0-10-g1f06aea511 (webtiles) character file.

Game seed: 3769942811690643073

2576 Arzdou the Skirmisher (level 9, -4/70 HPs)
             Began as a Hill Orc Fighter on Jan 23, 2021.
             Was a Follower of Hepliaklqana.
             Killed from afar by Maggie (31 damage)
             ... with a bolt of fire
             ... on level 7 of the Dungeon.
             The game lasted 00:27:44 (8140 turns).

Arzdou the Skirmisher (Hill Orc Fighter)            Turns: 8140, Time: 00:27:44

Health: -4/70      AC: 12    Str: 20    XL:     9   Next: 57%
Magic:  12/13      EV:  7    Int:  9    God:    Hepliaklqana [*.....]
Gold:   363        SH: 10    Dex: 11    Spells: 12/13 levels left

rFire    . . .     SeeInvis .   y - +2 Maxwell's thermic engine {flame, freeze}
rCold    . . .     Faith    +   c - +0 kite shield
rNeg     . . .     Spirit   .   j - +4 scale mail
rPois    .         Reflect  .   x - +0 helmet
rElec    .         Harm     .   o - scarf {repulsion}
rCorr    .         Rampage  .   (no gloves)
Will     .....                  (no boots)
Stlth    ..........             g - amulet of faith
HPRegen  0.21/turn              (no ring)
MPRegen  0.13/turn              (no ring)

@: mesmerised, very slightly contaminated, repel missiles
A: reduced essence
a: Renounce Religion, Recall Ancestor, Ancestor Identity


You were on level 7 of the Dungeon.
You worshipped Hepliaklqana.
Hepliaklqana was aware of your devotion.
You visited 2 branches of the dungeon, and saw 8 of its levels.

You collected 363 gold pieces.

Inventory:

Hand Weapons
 a - a +0 war axe
 y - the +2 Maxwell's thermic engine (weapon) {flame, freeze}
   (You found it on level 4 of the Dungeon)

   It has been specially enchanted to burn those struck by it, causing extra
   injury to most foes and up to half again as much damage against particularly
   susceptible opponents.
   Big, fiery blades are also staple armaments of hydra-hunters.
   It has been specially enchanted to freeze those struck by it, causing extra
   injury to most foes and up to half again as much damage against particularly
   susceptible opponents.
Armour
 c - a +0 kite shield (worn)
 j - a +4 scale mail (worn)
 o - a scarf of repulsion (worn)
 w - the +1 scale mail of Inference {rElec}
   (You found it on level 4 of the Dungeon)

   It insulates you from electricity.
 x - a +0 helmet (worn)
Jewellery
 g - an amulet of faith (around neck)
 u - an uncursed amulet of guardian spirit
Scrolls
 d - a scroll of fear {unknown}
 e - 2 scrolls of amnesia {unknown}
 i - a scroll of blinking {unknown}
 k - 2 scrolls of random uselessness {unknown}
 l - 5 scrolls of remove curse
 n - 5 scrolls of identify
 p - 2 scrolls of enchant armour
 r - a scroll of teleportation
 v - 3 scrolls of noise {unknown}
 z - 3 scrolls of immolation {unknown}
 A - a scroll of vulnerability {unknown}
Potions
 b - a potion of ambrosia {unknown}
 f - 2 potions of flight
 h - 4 potions of curing
 m - a potion of heal wounds
 q - 3 potions of lignification {unknown}
 s - 3 potions of attraction
 t - a potion of resistance {unknown}
 B - 3 potions of cancellation {unknown}
 C - a potion of haste {unknown}


   Skills:
 + Level 6.9 Fighting
 * Level 5.6 Long Blades
 - Level 6.2 Axes
 + Level 6.2 Armour
 + Level 5.7 Shields
 + Level 2.8 Spellcasting
 + Level 3.6 Conjurations
 + Level 4.1 Fire Magic
 + Level 0.3 Invocations


You had 12 spell levels left.
You knew the following spells:

 Your Spells              Type           Power        Failure   Level
a - Foxfire               Conj/Fire      32%          47%         1

Your spell library contained the following spells:

 Spells                   Type           Power        Failure   Level
 Conjure Flame            Conj/Fire      8%           85%         3
 Animate Skeleton         Necr           2%           95%         1
 Apportation              Tloc           2%           95%         1
 Corona                   Hex            1%           95%         1
 Freeze                   Ice            4%           95%         1
 Summon Small Mammal      Summ           4%           95%         1
 Inner Flame              Hex/Fire       4%           98%         3
 Sticky Flame             Conj/Fire      8%           99%         4
 Confusing Touch          Hex            1%           100%        3
 Frozen Ramparts          Ice            2%           100%        3
 Gell's Gravitas          Tloc           0%           100%        3
 Ozocubu's Armour         Ice            1%           100%        3
 Hailstorm                Conj/Ice       4%           100%        4
 Petrify                  Tmut/Erth      1%           100%        4
 Summon Ice Beast         Ice/Summ       1%           100%        4
 Fireball                 Conj/Fire      4%           100%        5
 Metabolic Englaciation   Hex/Ice        0%           100%        5
 Yara's Violent Unravell  Hex/Tmut       0%           100%        5


Dungeon Overview and Level Annotations

Branches:
Dungeon (7/15)             Temple (1/1) D:6

Altars:
Ashenzari
Dithmenos
Gozag
Hepliaklqana
Kikubaaqudgha
Nemelex Xobeh
Okawaru
Qazlal
Sif Muna
Trog
Uskayaw
Vehumet
Xom
Yredelemnul
Zin

Shops:
D:4 :[

Annotations:
D:7 Maggie


Message History

The shadow imp hits you but does no damage.
You slash Maggie! You burn Maggie. You freeze Maggie.
Maggie is heavily wounded.
Maggie hits you but does no damage.
Septimus misses Maggie.
The shadow imp gestures at you. Pain shoots through your body!
Septimus hits Maggie!
You hit Maggie. You burn Maggie. You freeze Maggie.
Maggie is severely wounded.
Maggie hits you but does no damage.
The shadow imp hits you but does no damage.
Septimus hits Maggie but does no damage.
You hit Maggie but do no damage. You freeze Maggie.
Maggie is severely wounded.
You block the shadow imp's attack. You block Maggie's attack.
Septimus hits Maggie.
The shadow imp hits you.
You closely miss Maggie.
Maggie is severely wounded.
Maggie casts a spell at you. The bolt of fire hits you!!
You die...

...........#
...........#
...........# ...
........... ....
..........# #...
..........##$.#
......5@..#..#
#.....@R#..#
####....#.# ######
#####.# ##....#####
##..#
#.........#####..##
##...........#..##
###.............##
.##.............#
..#..............#


You could see the friendly Septimus the ancestor, Maggie (mesmerising) and a
shadow imp.

Vanquished Creatures
  A troll (D:7)
  The ghost of Dracia the Poker, an amateur DsGl (D:4)
  Duvessa (D:5)
  An ice beast (D:5)
  A black bear (D:7)
  An ogre (D:7)
  A centaur (D:6)
  5 bullfrogs
  A scorpion (D:5)
  A water moccasin skeleton (D:5)
  Dowan (D:6)
  A howler monkey (D:6)
  11 wights
  A bullfrog zombie (D:4)
  A hound (D:4)
  2 orc priests
  2 orc wizards
  2 bullfrog skeletons
  An iguana (D:7)
  4 worker ants
  3 gnolls (D:5)
  8 adders
  2 shadow imps
  A white imp (D:6)
  An ufetubus (D:7)
  An adder skeleton (D:4)
  3 worms
  4 leopard geckos
  15 orcs
  7 bats
  11 giant cockroaches
  8 goblins
  8 hobgoblins
  17 jackals
  8 kobolds
  5 quokkas
  A ball python zombie (D:4)
  5 frilled lizards
  3 leopard gecko skeletons
  7 rats
158 creatures vanquished.

Vanquished Creatures (collateral kills)
  A centaur (D:7)
  2 wights (D:6)
  A worker ant (D:7)
  An adder (D:6)
  A quokka skeleton (D:6)
6 creatures vanquished.

Vanquished Creatures (others)
  An ancestor (D:7)
  48 foxfires
49 creatures vanquished.

Grand Total: 213 creatures vanquished

Notes
Turn   | Place    | Note
-------+----------+-------------------------------------------
     0 | D:1      | Arzdou the Hill Orc Fighter began the quest for the Orb.
     0 | D:1      | Reached XP level 1. HP: 19/19 MP: 1/1
   167 | D:1      | Reached XP level 2. HP: 27/27 MP: 2/2
   712 | D:1      | Reached XP level 3. HP: 33/33 MP: 3/3
  1790 | D:3      | Reached XP level 4. HP: 40/40 MP: 4/4
  1992 | D:3      | Reached XP level 5. HP: 38/47 MP: 5/5
  2254 | D:3      | Reached skill level 5 in Axes
  2644 | D:4      | Found Calyetag's Book Emporium.
  2787 | D:4      | Reached XP level 6. HP: 45/55 MP: 6/6
  3172 | D:4      | Reached skill level 5 in Fighting
  3277 | D:4      | Learned a level 1 spell: Foxfire
  3382 | D:4      | Got a shimmering scale mail
  3392 | D:4      | Identified the +1 scale mail of Inference {rElec} (You
                  | found it on level 4 of the Dungeon)
  3458 | D:4      | Found an opulent altar of Gozag.
  3459 | D:4      | Found a shadowy altar of Dithmenos.
  3525 | D:4      | Found Coyqer's Armour Shop.
  3628 | D:4      | Found a runed translucent gate.
  3628 | D:4      | Found a runed translucent gate.
  3629 | D:4      | Found the +2 Maxwell's thermic engine {flame, freeze}
  3629 | D:4      | Found a runed translucent gate.
  3632 | D:4      | Noticed Dracia's ghost (amateur DsGl)
  3651 | D:4      | Killed Dracia's ghost
  3654 | D:4      | Reached XP level 7. HP: 37/61 MP: 7/7
  3658 | D:4      | Reached skill level 1 in Fire Magic
  3944 | D:5      | Entered Level 5 of the Dungeon
  3967 | D:5      | Reached skill level 1 in Conjurations
  4141 | D:5      | Reached skill level 1 in Long Blades
  4265 | D:5      | Found an iron altar of Okawaru.
  4266 | D:5      | Found a bloodstained altar of Trog.
  4383 | D:5      | Reached skill level 1 in Spellcasting
  4461 | D:5      | Found a broken altar of Ashenzari.
  4673 | D:5      | Reached skill level 5 in Armour
  4862 | D:5      | Reached skill level 5 in Shields
  5092 | D:6      | Noticed Duvessa
  5092 | D:6      | Noticed Dowan
  5097 | D:6      | Killed Dowan
  5098 | D:6      | Reached XP level 8. HP: 53/69 MP: 9/9
  5109 | D:5      | HP: 1/69 [Duvessa/+0 short sword (7)]
  5113 | D:5      | Killed Duvessa
  5926 | D:6      | Found a staircase to the Ecumenical Temple.
  5940 | Temple   | Entered the Ecumenical Temple
  6351 | Temple   | Became a worshipper of Hepliaklqana the Forgotten
  6625 | D:6      | Reached XP level 9. HP: 61/66 MP: 9/12
  7437 | D:7      | Reached skill level 5 in Long Blades
  7557 | D:7      | Noticed a troll
  7590 | D:7      | Killed a troll
  7883 | D:7      | Reached * piety under Hepliaklqana
  8127 | D:7      | Noticed Maggie
  8140 | D:7      | Killed from afar by Maggie

Illustrated notes

Levels and vault maps discovered:
D:1:      zaba_arrival_water, layout_loops_corners, hangedman_decor_peaks_small,
          serial_bayou_pond_b, chequers_serial_rivers_micro_e
D:2:      layout_basic
D:3:      layout_rooms
D:4:      layout_basic, nicolae_overflow_hidden_temple, serial_shops, shop,
          shop, gammafunk_ghost_necromancy, minmay_misc_feat_square
D:5:      layout_basic, grunt_temple_overflow_bloody_war, ashenzari_altar_1
D:6:      layout_cave_pods, minmay_temple_entry_offerings, minivault_1,
          uniq_duvessa
D:7:      layout_cave_pods, serial_shops, kennysheep_mini_moat, uniq_maggie
Temple:   dpeg_chambers_temple

Skill      XL: |  1  2  3  4  5  6  7  8  9 |
---------------+----------------------------+-----
Axes           | 3 4 5 6 |  6.2
Fighting       | 4 5 6 |  6.9
Shields        | 4 5 |  5.7
Armour         | 4 5 6 |  6.2
Fire Magic     | 1 3 4 |  4.1
Conjurations   | 1 2 3 |  3.6
Long Blades    | 2 4 5 |  5.6
Spellcasting   | 1 2 |  2.8
Invocations    | |  0.3

Action                   |  1- 3 |  4- 6 |  7- 9 || total
-------------------------+-------+-------+-------++-------
Melee: War axe           |   111 |   181 |    12 ||   304
       Double sword      |       |       |   185 ||   185
 Cast: Foxfire           |       |       |    38 ||    38
Invok: Ancestor Identity |       |       |     1 ||     1
  Use: Scroll            |       |     4 |     3 ||     7
       Potion            |       |     1 |     3 ||     4
Armor: Scale mail        |    68 |    66 |    98 ||   232
       Plate armour      |     1 |    85 |       ||    86
Dodge: Dodged            |    52 |    55 |    72 ||   179
       Repelled          |       |       |     1 ||     1
Block: Kite shield       |    69 |   110 |   127 ||   306
       Rpst.: Double sword |       |       |    13 ||    13
